| TOP OF THE 1ST |
|
Burlington Bees batting - Pitching for Beloit Snappers : RHP Caleb Hansberger
|
|
Pitching: RHP Caleb Hansberger
|
|
|
Batting: RHB Peter Westover
|
0-0: Called Strike 0-1: Ball 1-1: Foul Ball, location: 2F 1-2: Strikes out looking
|
|
Batting: RHB Dean LeCroy
|
0-0: Ball 1-0: Called Strike 1-1: Ball 2-1: Swinging Strike 2-2: Ball 3-2: Strikes out swinging
|
|
Batting: LHB Ramon Garduno
|
0-0: Swinging Strike 0-1: Foul Ball, location: 2F 0-2: Reached on error, E3 (Groundball, 3, EV 93.1 MPH)
|
|
Batting: SHB Danny Gelinas
|
0-0: Ball 1-0: Called Strike 1-1: Called Strike 1-2: Foul Ball, location: 2F 1-2: Strikes out looking
|
| Top of the 1st over - 0 runs, 0 hits, 1 error, 1 left on base; Burlington 0 - Beloit 0 |
| BOTTOM OF THE 1ST |
|
Beloit Snappers batting - Pitching for Burlington Bees : RHP Eddie Garabito
|
|
Pitching: RHP Eddie Garabito
|
|
|
Batting: RHB Manny Moron
|
0-0: Hit by Pitch
|
|
Pinch Runner at 1st Emiel Schlepers:
|
|
|
Batting: LHB Oscar Curiel
|
0-0: Foul Ball, location: 2F 0-1: Ball 1-1: Ball 2-1: SINGLE (Line Drive, 78S, EV 101.2 MPH) Emiel Schlepers to second
|
|
Batting: LHB Nate Melendez
|
0-0: Ball 1-0: Ball 2-0: Fielders Choice at 2nd, 3-6 (Groundball, 34, EV 85.6 MPH) Emiel Schlepers to third
|
|
Batting: RHB Rafael Alarcon
|
0-0: Called Strike 0-1: Swinging Strike 0-2: Ball 1-2: Ball Nate Melendez steals 2nd base 2-2: Strikes out swinging
|
|
Batting: RHB Walt Alaniz
|
0-0: Ball 1-0: Called Strike 1-1: Ball 2-1: Foul Ball, location: 2F 2-2: Ball 3-2: Base on Balls
|
|
Batting: RHB Chris Temple
|
0-0: Called Strike 0-1: Swinging Strike 0-2: Strikes out looking
|
| Bottom of the 1st over - 0 runs, 1 hit, 0 errors, 3 left on base; Burlington 0 - Beloit 0 |
| TOP OF THE 2ND |
|
Burlington Bees batting - Pitching for Beloit Snappers : RHP Caleb Hansberger
|
|
Now at 2B: Emiel Schlepers
|
|
|
Batting: LHB Pavla Markianov
|
0-0: Called Strike 0-1: Ball 1-1: Called Strike 1-2: Ball 2-2: Strikes out swinging
|
|
Batting: SHB David Vigo
|
0-0: Foul Ball, location: 2F 0-1: Ball 1-1: Ball 2-1: Called Strike 2-2: SOLO HOME RUN (Line Drive, 89XD, EV 104.4 MPH), Distance : 416 ft
|
|
Batting: RHB Rory Cobb
|
0-0: Ball 1-0: Foul Ball, location: 2F 1-1: Swinging Strike 1-2: Strikes out swinging, 2-3 out at first.
|
|
Batting: RHB Dan Burkhart
|
0-0: Swinging Strike 0-1: Swinging Strike 0-2: Ball 1-2: Ball 2-2: Foul Ball, location: 2F 2-2: Strikes out looking
|
| Top of the 2nd over - 1 run, 1 hit, 0 errors, 0 left on base; Burlington 1 - Beloit 0 |
| BOTTOM OF THE 2ND |
|
Beloit Snappers batting - Pitching for Burlington Bees : RHP Eddie Garabito
|
|
Batting: RHB Shannon Beck
|
0-0: Called Strike 0-1: Foul Ball, location: 2F 0-2: Ball 1-2: Foul Ball, location: 2F 1-2: Ground out 2-3 (Groundball, 2R, EV 63.1 MPH)
|
|
Batting: RHB Mike Gangi
|
0-0: Foul Ball, location: 2F 0-1: Ground out 4-3 (Groundball, 4, EV 83.1 MPH)
|
|
Batting: RHB Tim Anderson
|
0-0: Ball 1-0: Ball 2-0: Foul Ball, location: 2F 2-1: Called Strike 2-2: Foul Ball, location: 2F 2-2: Strikes out swinging
|
| Bottom of the 2nd over - 0 runs, 0 hits, 0 errors, 0 left on base; Burlington 1 - Beloit 0 |
| TOP OF THE 3RD |
|
Burlington Bees batting - Pitching for Beloit Snappers : RHP Caleb Hansberger
|
|
Batting: LHB Alberto Carrillo
|
0-0: Ball 1-0: Fly out, F8 (Flyball, 8LM, EV 95.6 MPH)
|
|
Batting: RHB Peter Westover
|
0-0: Called Strike 0-1: Called Strike 0-2: Strikes out swinging
|
|
Batting: RHB Dean LeCroy
|
0-0: Called Strike 0-1: Fly out, F8 (Flyball, 8LM, EV 88.8 MPH)
|
| Top of the 3rd over - 0 runs, 0 hits, 0 errors, 0 left on base; Burlington 1 - Beloit 0 |
| BOTTOM OF THE 3RD |
|
Beloit Snappers batting - Pitching for Burlington Bees : RHP Eddie Garabito
|
|
Batting: RHB Emiel Schlepers
|
0-0: Called Strike 0-1: Called Strike 0-2: Ball 1-2: Foul Ball, location: 2F 1-2: Strikes out swinging
|
|
Batting: LHB Oscar Curiel
|
0-0: Called Strike 0-1: Ball 1-1: Swinging Strike 1-2: Foul Ball, location: 2F 1-2: Strikes out swinging
|
|
Batting: LHB Nate Melendez
|
0-0: Foul Ball, location: 2F 0-1: Ball 1-1: Ground out 1-3 (Groundball, 34S, EV 75.0 MPH)
|
| Bottom of the 3rd over - 0 runs, 0 hits, 0 errors, 0 left on base; Burlington 1 - Beloit 0 |
| TOP OF THE 4TH |
|
Burlington Bees batting - Pitching for Beloit Snappers : RHP Caleb Hansberger
|
|
Batting: LHB Ramon Garduno
|
0-0: Called Strike 0-1: Ball 1-1: Foul Ball, location: 2F 1-2: Strikes out swinging
|
|
Batting: SHB Danny Gelinas
|
0-0: Ball 1-0: Ball 2-0: Called Strike 2-1: Ball 3-1: Swinging Strike 3-2: Strikes out swinging
|
|
Batting: LHB Pavla Markianov
|
0-0: Ball 1-0: Called Strike 1-1: Ball 2-1: SINGLE (Line Drive, 8RS, EV 98.8 MPH)
|
|
Batting: SHB David Vigo
|
0-0: Called Strike Pavla Markianov steals 2nd base 0-1: Ball 1-1: Ball 2-1: Swinging Strike 2-2: Ball 3-2: Strikes out swinging, 2-3 out at first.
|
| Top of the 4th over - 0 runs, 1 hit, 0 errors, 1 left on base; Burlington 1 - Beloit 0 |
| BOTTOM OF THE 4TH |
|
Beloit Snappers batting - Pitching for Burlington Bees : RHP Eddie Garabito
|
|
Batting: RHB Rafael Alarcon
|
0-0: Ground out 5-3 (Groundball, 56, EV 93.8 MPH)
|
|
Batting: RHB Walt Alaniz
|
0-0: Called Strike 0-1: Ball 1-1: Ground out 4-3 (Groundball, 4, EV 89.4 MPH)
|
|
Batting: RHB Chris Temple
|
0-0: Foul Ball, location: 2F 0-1: Ground out 2-3 (Groundball, 15S, EV 76.2 MPH)
|
| Bottom of the 4th over - 0 runs, 0 hits, 0 errors, 0 left on base; Burlington 1 - Beloit 0 |
| TOP OF THE 5TH |
|
Burlington Bees batting - Pitching for Beloit Snappers : RHP Caleb Hansberger
|
|
Batting: RHB Rory Cobb
|
0-0: Ball 1-0: Ball 2-0: Ball 3-0: Called Strike 3-1: Called Strike 3-2: Foul Ball, location: 2F 3-2: Strikes out looking
|
|
Batting: RHB Dan Burkhart
|
0-0: Foul Ball, location: 2F 0-1: Ball 1-1: Ball 2-1: Foul Ball, location: 2F 2-2: Ground out 5-3 (Groundball, 56, EV 103.8 MPH)
|
|
Batting: LHB Alberto Carrillo
|
0-0: Swinging Strike 0-1: Swinging Strike 0-2: Ball 1-2: Foul Ball, location: 2F 1-2: Strikes out swinging
|
| Top of the 5th over - 0 runs, 0 hits, 0 errors, 0 left on base; Burlington 1 - Beloit 0 |
| BOTTOM OF THE 5TH |
|
Beloit Snappers batting - Pitching for Burlington Bees : RHP Eddie Garabito
|
|
Batting: RHB Shannon Beck
|
0-0: Ball 1-0: Ground out 6-3 (Groundball, 6MS, EV 70.0 MPH)
|
|
Batting: RHB Mike Gangi
|
0-0: Ball 1-0: Ball 2-0: Ground out 1-3 (Groundball, 13S, EV 63.1 MPH)
|
|
Batting: RHB Tim Anderson
|
0-0: Ball 1-0: Ball 2-0: SINGLE (Groundball, 6MD, EV 100.6 MPH)
|
|
Batting: RHB Emiel Schlepers
|
0-0: Swinging Strike 0-1: Foul Ball, location: 2F 0-2: Ball 1-2: Reached on error, E6 (Groundball, 6, EV 97.5 MPH) Tim Anderson to second
|
|
Batting: LHB Oscar Curiel
|
0-0: Called Strike 0-1: Called Strike 0-2: Ball 1-2: Fielders Choice at 2nd, 5-4 (Groundball, 56, EV 111.9 MPH)
|
| Bottom of the 5th over - 0 runs, 1 hit, 1 error, 2 left on base; Burlington 1 - Beloit 0 |
| TOP OF THE 6TH |
|
Burlington Bees batting - Pitching for Beloit Snappers : RHP Caleb Hansberger
|
|
Batting: RHB Peter Westover
|
0-0: Ball 1-0: Foul Ball, location: 2F 1-1: Swinging Strike 1-2: Ball 2-2: Strikes out swinging
|
|
Pitching: RHP Jon Coakley
|
|
|
Batting: RHB Dean LeCroy
|
0-0: Ball 1-0: Called Strike 1-1: Swinging Strike 1-2: Ball 2-2: Ground out 5-3 (Groundball, 5S, EV 86.2 MPH)
|
|
Batting: LHB Ramon Garduno
|
0-0: Fly out, F8 (Flyball, 8RM, EV 90.6 MPH)
|
| Top of the 6th over - 0 runs, 0 hits, 0 errors, 0 left on base; Burlington 1 - Beloit 0 |
| BOTTOM OF THE 6TH |
|
Beloit Snappers batting - Pitching for Burlington Bees : RHP Eddie Garabito
|
|
Batting: LHB Nate Melendez
|
0-0: Ball 1-0: Ball 2-0: Ground out U3 (Groundball, 3, EV 82.5 MPH)
|
|
Batting: RHB Rafael Alarcon
|
0-0: Ball 1-0: Swinging Strike 1-1: Fly out, F9 (Flyball, 9D, EV 86.9 MPH)
|
|
Batting: RHB Walt Alaniz
|
0-0: Ball 1-0: Ball 2-0: Called Strike 2-1: Ball 3-1: Called Strike 3-2: Foul Ball, location: 2F 3-2: Foul Ball, location: 2F 3-2: Ground out 4-3 (Groundball, 4M, EV 83.8 MPH)
|
| Bottom of the 6th over - 0 runs, 0 hits, 0 errors, 0 left on base; Burlington 1 - Beloit 0 |
| TOP OF THE 7TH |
|
Burlington Bees batting - Pitching for Beloit Snappers : RHP Jon Coakley
|
|
Batting: SHB Danny Gelinas
|
0-0: Fly out, F6 (Line Drive, 4M, EV 64.4 MPH)
|
|
Batting: LHB Pavla Markianov
|
0-0: Called Strike 0-1: Foul Ball, location: 3F, Error on foul ball, E3 0-2: TRIPLE (Groundball, 3L, EV 101.2 MPH)
|
|
Batting: SHB David Vigo
|
0-0: Swinging Strike 0-1: Ball 1-1: Ball 2-1: Foul Ball, location: 2F 2-2: Foul Ball, location: 2F 2-2: Strikes out looking
|
|
Batting: RHB Rory Cobb
|
0-0: Foul Ball, location: 2F 0-1: Ball 1-1: Foul Ball, location: 2F 1-2: SINGLE (Groundball, 5D, EV 99.4 MPH) Pavla Markianov scores
|
|
Batting: RHB Dan Burkhart
|
0-0: Ball 1-0: Fly out, F9 (Line Drive, 9S, EV 88.1 MPH)
|
| Top of the 7th over - 1 run, 2 hits, 1 error, 1 left on base; Burlington 2 - Beloit 0 |
| BOTTOM OF THE 7TH |
|
Beloit Snappers batting - Pitching for Burlington Bees : RHP Eddie Garabito
|
|
Batting: RHB Chris Temple
|
0-0: Swinging Strike 0-1: Ball 1-1: Ball 2-1: Foul Ball, location: 2F 2-2: Ball 3-2: Foul Ball, location: 2F 3-2: Foul Ball, location: 2F 3-2: Foul Ball, location: 2F 3-2: Foul Ball, location: 2F 3-2: Fly out, F7 (Line Drive, 78M, EV 103.8 MPH)
|
|
Pitching: RHP Manuel Vega
|
|
|
Batting: RHB Shannon Beck
|
0-0: Called Strike 0-1: Foul Ball, location: 2F 0-2: SINGLE (Groundball, 56S, EV 61.9 MPH) (infield hit)
|
|
Batting: RHB Mike Gangi
|
0-0: Called Strike 0-1: Ball 1-1: Foul Ball, location: 2F 1-2: Strikes out looking
|
|
Pinch Hitting: LHB Alejandro Muniz
|
0-0: Ball 1-0: Ball 2-0: DOUBLE (Flyball, 8RXD, EV 99.4 MPH) Shannon Beck to third Runner from 3rd tries for Home, SAFE, throw by CF to trailing runner, OUT at third! 8-3-5
|
| Bottom of the 7th over - 1 run, 2 hits, 0 errors, 0 left on base; Burlington 2 - Beloit 1 |
| TOP OF THE 8TH |
|
Burlington Bees batting - Pitching for Beloit Snappers : RHP Jon Coakley
|
|
Now at SS: Jamie Jennings
|
|
|
Batting: LHB Alberto Carrillo
|
0-0: Foul Ball, location: 2F 0-1: Swinging Strike 0-2: Ground out U3 (Groundball, 34, EV 105.6 MPH)
|
|
Batting: RHB Peter Westover
|
0-0: Swinging Strike 0-1: Ball 1-1: Ball 2-1: Foul Ball, location: 2F 2-2: Strikes out swinging
|
|
Batting: RHB Dean LeCroy
|
0-0: Ball 1-0: Foul Ball, location: 2F 1-1: Ball 2-1: Swinging Strike 2-2: Fly out, F9 (Flyball, 9LM, EV 95.0 MPH)
|
| Top of the 8th over - 0 runs, 0 hits, 0 errors, 0 left on base; Burlington 2 - Beloit 1 |
| BOTTOM OF THE 8TH |
|
Beloit Snappers batting - Pitching for Burlington Bees : RHP Manuel Vega
|
|
Batting: RHB Emiel Schlepers
|
0-0: Called Strike 0-1: Ball 1-1: Ball 2-1: Swinging Strike 2-2: Strikes out swinging
|
|
Batting: LHB Oscar Curiel
|
0-0: Swinging Strike 0-1: Foul Ball, location: 2F 0-2: Foul Ball, location: 2F 0-2: Ball 1-2: Ball 2-2: Strikes out looking
|
|
Batting: LHB Nate Melendez
|
0-0: Ball 1-0: Ball 2-0: Fly out, F5 (Line Drive, 5L, EV 72.5 MPH)
|
| Bottom of the 8th over - 0 runs, 0 hits, 0 errors, 0 left on base; Burlington 2 - Beloit 1 |
| TOP OF THE 9TH |
|
Burlington Bees batting - Pitching for Beloit Snappers : RHP Jon Coakley
|
|
Pitching: RHP Tony Contreras
|
|
|
Batting: LHB Ramon Garduno
|
0-0: Called Strike 0-1: Ball 1-1: Foul Ball, location: 2F 1-2: Strikes out swinging
|
|
Batting: SHB Danny Gelinas
|
0-0: Called Strike 0-1: Ball 1-1: Swinging Strike 1-2: Ball 2-2: Fly out, F8 (Line Drive, 8RD, EV 89.4 MPH)
|
|
Batting: LHB Pavla Markianov
|
0-0: Ball 1-0: Ball 2-0: Ball 3-0: Called Strike 3-1: Base on Balls
|
|
Batting: SHB David Vigo
|
0-0: Called Strike 0-1: Ball 1-1: Foul Ball, location: 2F 1-2: Foul Ball, location: 2F 1-2: Strikes out swinging
|
| Top of the 9th over - 0 runs, 0 hits, 0 errors, 1 left on base; Burlington 2 - Beloit 1 |
| BOTTOM OF THE 9TH |
|
Beloit Snappers batting - Pitching for Burlington Bees : RHP Manuel Vega
|
|
Pitching: RHP Tim Mumpower
|
|
|
Now at 1B: David Rhodes
|
|
|
Batting: RHB Rafael Alarcon
|
0-0: DOUBLE (Flyball, 89XD, EV 110.0 MPH)
|
|
Pinch Hitting: LHB Roscoe Romaine
|
0-0: Ball 1-0: Ball 2-0: Ball Passed Ball! Rafael Alarcon to third 3-0: Called Strike 3-1: Base on Balls
|
|
Batting: RHB Chris Temple
|
0-0: Ball 1-0: Swinging Strike 1-1: Called Strike 1-2: Strikes out swinging
|
|
Batting: RHB Shannon Beck
|
0-0: Ball 1-0: Swinging Strike 1-1: Foul Ball, location: 2F 1-2: Foul Ball, location: 2F 1-2: Ball 2-2: Strikes out swinging
|
|
Pinch Hitting: LHB Ed Talamantes
|
0-0: Ball 1-0: Called Strike 1-1: Called Strike 1-2: SINGLE (Line Drive, 89S, EV 106.9 MPH) Rafael Alarcon scores Roscoe Romaine to second Runner from 2nd tries for 3rd, SAFE, throw by RF made to third
|
|
Batting: RHB Jamie Jennings
|
0-0: Ball 1-0: Called Strike 1-1: Ground out 5-3 (Groundball, 56, EV 99.4 MPH)
|
| Bottom of the 9th over - 1 run, 2 hits, 0 errors, 2 left on base; Burlington 2 - Beloit 2 |
| TOP OF THE 10TH |
|
Burlington Bees batting - Pitching for Beloit Snappers : RHP Tony Contreras
|
|
Pitching: LHP Cory Yeary
|
|
|
Now at C: Ed Talamantes
|
|
|
Now in LF: Moses Brokken
|
|
|
Batting: RHB Rory Cobb
|
0-0: Called Strike 0-1: Ball 1-1: Fly out, F8 (Flyball, 8LD, EV 94.4 MPH)
|
|
Batting: RHB Dan Burkhart
|
0-0: Ball 1-0: Called Strike 1-1: Called Strike 1-2: Strikes out swinging
|
|
Pinch Hitting: RHB Juan Rosa
|
0-0: Ball 1-0: Called Strike 1-1: Ball 2-1: Fly out, F8 (Flyball, 8RD, EV 88.1 MPH)
|
| Top of the 10th over - 0 runs, 0 hits, 0 errors, 0 left on base; Burlington 2 - Beloit 2 |
| BOTTOM OF THE 10TH |
|
Beloit Snappers batting - Pitching for Burlington Bees : RHP Tim Mumpower
|
|
Pitching: RHP Javier Carrasco
|
|
|
Now in RF: Khalil Thurston
|
|
|
Batting: RHB Emiel Schlepers
|
0-0: Ball 1-0: Foul Ball, location: 2F 1-1: Foul Ball, location: 2F 1-2: Ground out 6-3 (Groundball, 6MD, EV 96.2 MPH)
|
|
Batting: LHB Oscar Curiel
|
0-0: Fly out, F9 (Flyball, 89M, EV 90.0 MPH)
|
|
Batting: LHB Nate Melendez
|
0-0: Called Strike 0-1: SINGLE (Groundball, 34D, EV 109.4 MPH)
|
|
Batting: RHB Rafael Alarcon
|
0-0: Ball 1-0: Ball 2-0: Ball 3-0: Called Strike 3-1: Called Strike 3-2: Fly out, F9 (Line Drive, 9D, EV 99.4 MPH)
|
| Bottom of the 10th over - 0 runs, 1 hit, 0 errors, 1 left on base; Burlington 2 - Beloit 2 |
| TOP OF THE 11TH |
|
Burlington Bees batting - Pitching for Beloit Snappers : LHP Cory Yeary
|
|
Batting: RHB Peter Westover
|
0-0: Foul Ball, location: 2F 0-1: Foul Ball, location: 2F 0-2: Foul Ball, location: 2F 0-2: Ball 1-2: Ball 2-2: Foul Ball, location: 2F 2-2: Ball 3-2: Strikes out swinging
|
|
Batting: RHB Dean LeCroy
|
0-0: Called Strike 0-1: Ball 1-1: Foul Ball, location: 2F 1-2: Ball 2-2: Ball 3-2: Base on Balls
|
|
Batting: RHB David Rhodes
|
0-0: Ball 1-0: Swinging Strike 1-1: Ball Dean LeCroy is caught stealing 2nd base 2-4 2-1: Ball 3-1: Foul Ball, location: 2F 3-2: Strikes out looking
|
| Top of the 11th over - 0 runs, 0 hits, 0 errors, 0 left on base; Burlington 2 - Beloit 2 |
| BOTTOM OF THE 11TH |
|
Beloit Snappers batting - Pitching for Burlington Bees : RHP Javier Carrasco
|
|
Batting: RHB Moses Brokken
|
0-0: Ball 1-0: Foul Ball, location: 2F 1-1: Ball 2-1: Ball 3-1: Base on Balls
|
|
Batting: RHB Chris Temple
|
0-0: Foul Ball, location: 2F 0-1: Foul Ball, location: 2F 0-2: Ball 1-2: Strikes out swinging
|
|
Batting: RHB Shannon Beck
|
0-0: Ball 1-0: Ball 2-0: Foul Ball, location: 2F 2-1: Ground out 5-3 (Groundball, 56S, EV 72.5 MPH) Moses Brokken to second
|
|
Batting: LHB Ed Talamantes
|
0-0: Intentional Walk
|
|
Batting: RHB Jamie Jennings
|
0-0: Swinging Strike 0-1: Fielders Choice at 2nd, 6-4 (Groundball, 56, EV 84.4 MPH)
|
| Bottom of the 11th over - 0 runs, 0 hits, 0 errors, 2 left on base; Burlington 2 - Beloit 2 |
| TOP OF THE 12TH |
|
Burlington Bees batting - Pitching for Beloit Snappers : LHP Cory Yeary
|
|
Batting: SHB Danny Gelinas
|
0-0: Ball 1-0: Ball 2-0: Ground out 6-3 (Groundball, 6S, EV 86.2 MPH)
|
|
Batting: LHB Pavla Markianov
|
0-0: Ball 1-0: Ball 2-0: Called Strike 2-1: Fly out, F8 (Flyball, 8LD, EV 106.2 MPH)
|
|
Batting: SHB David Vigo
|
0-0: Ball 1-0: Ball 2-0: DOUBLE (Flyball, 8LD, EV 92.5 MPH)
|
|
Pitching: RHP Marvin Rosas
|
|
|
Batting: RHB Rory Cobb
|
0-0: Called Strike 0-1: Ground out 1-3 (Groundball, 13S, EV 73.1 MPH)
|
| Top of the 12th over - 0 runs, 1 hit, 0 errors, 1 left on base; Burlington 2 - Beloit 2 |
| BOTTOM OF THE 12TH |
|
Beloit Snappers batting - Pitching for Burlington Bees : RHP Javier Carrasco
|
|
Batting: RHB Emiel Schlepers
|
0-0: Ball 1-0: Called Strike 1-1: Foul Ball, location: 2F 1-2: DOUBLE (Line Drive, 7LD, EV 101.9 MPH)
|
|
Batting: LHB Oscar Curiel
|
0-0: Ball Wild Pitch! Emiel Schlepers to third 1-0: Called Strike 1-1: Swinging Strike 1-2: Foul Ball, location: 2F 1-2: Ball 2-2: Strikes out looking
|
|
Batting: LHB Nate Melendez
|
0-0: Called Strike 0-1: Foul Ball, location: 2F 0-2: Ball 1-2: Ball 2-2: SINGLE (Groundball, 4, EV 95.0 MPH) Emiel Schlepers scores
|
| Bottom of the 12th over - 1 run, 2 hits, 0 errors, 1 left on base; Burlington 2 - Beloit 3 |
|